 Dungeon Crawl Stone Soup version 0.19-a0-607-g42021f0 (webtiles) character file.

44 Stormphoenix the Cudgeler (level 3, -4/39 HPs)
             Began as an Ogre Fighter on June 12, 2016.
             Slain by tstbtto's ghost (7 damage)
             ... on level 3 of the Dungeon.
             The game lasted 00:03:50 (1559 turns).

Stormphoenix the Cudgeler (Ogre Fighter)            Turns: 1559, Time: 00:03:51

Health: -4/39      AC:  5    Str: 22    XL:     3   Next: 60%
Magic:  3/3        EV:  8    Int:  7    God:
Gold:   161        SH:  8    Dex:  9    Spells: 0 memorised, 2 levels left

rFire  . . .     SeeInvis .     a - +0 flail
rCold  . . .     Gourm    .     b - +0 robe
rNeg   . . .     Faith    .     c - +0 shield
rPois  .         Spirit   .     (helmet restricted)
rElec  .         Dismiss  .     k - +1 cloak
rCorr  .         Reflect  .     (gloves unavailable)
SustAt .         Harm     .     (boots unavailable)
MR     .....                    (no amulet)
Stlth  +.........               (no ring)
                                (no ring)

@: not resistant to hostile enchantments, very unstealthy
A: unfitting armour, tough skin 1
a: no special abilities


You were on level 3 of the Dungeon.
You were very hungry.

You visited 1 branch of the dungeon, and saw 3 of its levels.

You collected 161 gold pieces.

Inventory:

Hand Weapons
 a - a +0 flail (weapon)
Armour
 b - a +0 robe (worn)
 c - a +0 shield (worn)
 k - a +1 cloak (worn)
Jewellery
 t - a +5 ring of protection {unknown}
 u - an uncursed ring of sustain attributes {unknown}
Scrolls
 h - 3 scrolls of blinking
 j - 2 scrolls of enchant armour
 p - 2 scrolls of teleportation
 s - 2 scrolls of fear
 v - a scroll of remove curse
Potions
 d - 2 potions of might
 e - a potion of haste
 i - a potion of beneficial mutation {unknown}
 l - a potion of curing
 m - a potion of heal wounds
 n - a potion of berserk rage
 q - 2 potions of flight
 r - a potion of degeneration {unknown}
Comestibles
 f - 3 bread rations
 g - a slice of pizza
 o - 2 meat rations


   Skills:
 - Level 4.0 Fighting
 + Level 5.1 Maces & Flails
 - Level 2.6 Dodging
 - Level 2.6 Shields


You had 2 spell levels left.
You didn't know any spells.

Dungeon Overview and Level Annotations

Branches:
Dungeon (3/15)

Altars:
Dithmenos

Annotations:
D:3 tstbtto's ghost, amateur CeGl


Innate Abilities, Weirdness & Mutations

You are too large for most types of armour.
You have tough skin. (AC +1)


Message History

Tstbtto's ghost barely misses you.
You hit tstbtto's ghost but do no damage.
Tstbtto's ghost is moderately damaged.
You block tstbtto's ghost's attack.
You hit tstbtto's ghost but do no damage.
Tstbtto's ghost is moderately damaged.
You block tstbtto's ghost's attack. Tstbtto's ghost hits you!
* * * LOW HITPOINT WARNING * * *
You hit tstbtto's ghost.
Tstbtto's ghost is moderately damaged.
Tstbtto's ghost lets out a mournful wail.
Tstbtto's ghost hits you!
* * * LOW HITPOINT WARNING * * *
You hit tstbtto's ghost but do no damage.
Tstbtto's ghost is moderately damaged.
You block tstbtto's ghost's attack.
You closely miss tstbtto's ghost.
Tstbtto's ghost is moderately damaged.
Tstbtto's ghost hits you!
You die...

###### #....#######
#..........#
#..........#
#######..........#
.................#
#######...........#
#.†.W.#...........#
#.###@#...........#
.#.###.#...........###
.......................+
....................####
..#.#...####..###....#
#. ....#.#.#######.#
....# #.
....#.#.........# ....#
#. #....# #########.#
#+### #.###...... . #.#


You could see tstbtto's ghost.

Vanquished Creatures
  An adder (D:3)
  A worm (D:2)
  2 dart slugs (D:1)
  A giant gecko (D:1)
  4 bats (D:1)
  2 goblins (D:2)
  5 hobgoblins
  5 kobolds
  A ball python (D:1)
  3 giant newts
  A rat (D:2)
26 creatures vanquished.

Notes
Turn   | Place    | Note
--------------------------------------------------------------
     0 | D:1      | Stormphoenix the Ogre Fighter began the quest for the Orb.
     0 | D:1      | Reached XP level 1. HP: 24/24 MP: 1/1
    16 | D:1      | Reached skill level 3 in Maces & Flails
   193 | D:1      | Reached XP level 2. HP: 18/32 MP: 2/2
   543 | D:1      | Reached skill level 4 in Maces & Flails
   846 | D:2      | Found a shadowy altar of Dithmenos.
   979 | D:2      | Reached XP level 3. HP: 33/39 MP: 3/3
  1547 | D:3      | Reached skill level 5 in Maces & Flails
  1548 | D:3      | Noticed tstbtto's ghost (amateur CeGl)
  1559 | D:3      | Slain by tstbtto's ghost

Vault maps used:
D:1:      enne_arrival_octagon_isle
D:2:      overflow_temple_1_default

Skill      XL: |  1  2  3 |
---------------+----------+-----
Maces & Flails | 3 4 5 |  5.1
Fighting       | |  4.0
Dodging        | |  2.6
Shields        | |  2.6

Action                   || total
-------------------------++-------
Melee: Whip              ||    29
       Flail             ||    91
  Use: Scroll            ||    12
 Stab: Sleeping          ||     1
  Eat: Chunk             ||     1
Armor: Robe              ||    35
Dodge: Dodged            ||    39
Block: Shield            ||    57
